 Dungeon Crawl Stone Soup version 0.29.1-15-g9cfb28693d (webtiles) character file.

Game seed: 15938572991687973016

2 BigDaddyOpFi the Firebug (level 1, 0/13 HPs)
             Began as a Gnoll Fire Elementalist on Mar 28, 2023.
             Hit by a stone thrown by a kobold (1 damage)
             ... on level 1 of the Dungeon.
             The game lasted 00:00:18 (239 turns).

BigDaddyOpFi the Firebug (Gnoll Fire Elementalist)   Turns: 239, Time: 00:00:18

Health: 0/13       AC:  2    Str:  7    XL:     1   Next: 40%
Magic:  6/6        EV: 13    Int: 14    God:
Gold:   0          SH:  0    Dex: 12    Spells: 8/9 levels left

rFire   . . .      SeeInvis .   d - +0 great sword
rCold   . . .      Faith    .   (shield currently unavailable)
rNeg    . . .      Spirit   .   a - +0 robe
rPois   .          Reflect  .   (no helmet)
rElec   .          Harm     .   (no cloak)
rCorr   .          Rampage  .   (no gloves)
Will    .....                   (no boots)
Stlth   ++........              (no amulet)
HPRegen 0.04/turn               (no ring)
MPRegen 0.10/turn               (no ring)

@: no status effects
A: fangs 1, strong nose, distributed training
a: no special abilities


You were on level 1 of the Dungeon.
You visited 1 branch of the dungeon, and saw 1 of its levels.

Inventory:

Hand Weapons
 d - a +0 great sword (weapon)
Armour
 a - a +0 robe (worn)
Potions
 b - a potion of magic
 c - a potion of might {unknown}


   Skills:
 + Level 0.0 Fighting
 + Level 0.0 Short Blades
 + Level 0.0 Long Blades
 + Level 0.0 Axes
 + Level 0.0 Maces & Flails
 + Level 0.0 Polearms
 + Level 0.0 Staves
 + Level 0.0 Ranged Weapons
 + Level 0.0 Throwing
 + Level 0.0 Armour
 + Level 4.4 Dodging
 + Level 4.0 Stealth
 + Level 0.0 Shields
 + Level 0.0 Unarmed Combat
 + Level 4.8 Spellcasting
 + Level 1.9 Conjurations
 + Level 0.0 Hexes
 + Level 0.0 Summonings
 + Level 0.0 Necromancy
 + Level 0.0 Translocations
 + Level 0.0 Transmutations
 + Level 5.3 Fire Magic
 + Level 0.0 Ice Magic
 + Level 0.0 Air Magic
 + Level 0.0 Earth Magic
 + Level 0.0 Poison Magic
 + Level 0.1 Invocations
 + Level 0.0 Evocations


You had 8 spell levels left.
You knew the following spells:

 Your Spells              Type           Power      Damage    Failure   Level
a - Foxfire               Conj/Fire      52%        2x1d6     4%          1

Your spell library contained the following spells:

 Spells                   Type           Power      Damage    Failure   Level
 Scorch                   Fire           36%        2d6       3%          2
 Conjure Flame            Conj/Fire      13%        6-21      12%         3
 Inner Flame              Hex/Fire       10%        N/A       17%         3
 Flame Wave               Conj/Fire      13%        2d6       36%         4


Dungeon Overview and Level Annotations

Branches:
Dungeon (1/15)

Altars:


Innate Abilities, Weirdness & Mutations

You have very sharp teeth.
Your uncanny sense of smell can sniff out nearby items.
Your experience applies equally to all skills.


Message History

You kill the bat!
You conjure some foxfire!
Your foxfire dissipates!
Your foxfire dissipates!
Your magical contamination has completely faded away.
You see here a +0 robe.
There is a dry fountain here.
A kobold comes into view. It is wielding a +0 dagger.
The kobold shouts!
A kobold is nearby!
A kobold is nearby!
You conjure some foxfire!
The foxfire hits the kobold.
The kobold is severely wounded.
There is not enough space to conjure foxfire!
There is not enough space to conjure foxfire!
Your foxfire dissipates!
The kobold hits you with a +0 dagger.
You barely miss the kobold.
The kobold is severely wounded.
The kobold hits you with a +0 dagger. x2
You closely miss the kobold. Your bite misses the kobold.
The kobold is severely wounded.
The kobold hits you but does no damage.
You closely miss the kobold.
The kobold is severely wounded.
The kobold closely misses you. The kobold barely misses you.
You barely miss the kobold.
The kobold is moderately wounded.
The kobold hits you with a +0 dagger. x2
You barely miss the kobold. You bite the kobold, but do no damage.
The kobold is moderately wounded.
The kobold completely misses you. The kobold hits you with a +0 dagger.
* * * LOW HITPOINT WARNING * * *
You closely miss the kobold.
The kobold is moderately wounded.
The kobold barely misses you.
You are too injured to fight recklessly!
The kobold attacks as you move away! The kobold barely misses you.
The kobold throws a stone.
The stone hits you.
You die...

#.##.#### #.##.#
#..#.###### ##.#......#
#..#.###.# ##....# #.#
##.###.###.#
#..#.#.....##############
#.#.⌠.#.##....@.K........
###..#.#..#################
.....###.........#
#####...########.#
#.##########.#
#.....)......#
##############


You could see a kobold.

Vanquished Creatures
  A bat (D:1)
  A kobold (D:1)
2 creatures vanquished.

Vanquished Creatures (others)
  8 foxfires (D:1)
8 creatures vanquished.

Grand Total: 10 creatures vanquished

Notes
Turn   | Place    | Note
-------+----------+-------------------------------------------
     0 | D:1      | BigDaddyOpFi the Gnoll Fire Elementalist began the quest
                  | for the Orb.
     0 | D:1      | Reached XP level 1. HP: 13/13 MP: 6/6
   239 | D:1      | Hit by a stone thrown by a kobold

Illustrated notes

Levels and vault maps discovered:
D:1:      lemuel_arrival_room, layout_basic,
          dreamdust_ecumenical_altar_angels_and_demons, grunt_decor_one_mirror

Action                   || total
-------------------------++-------
Melee: Great sword       ||     6
       Bite              ||     1
 Cast: Foxfire           ||     6
Armor: Robe              ||     1
Dodge: Dodged            ||     5
